 Dungeon Crawl Stone Soup version 0.29.1-1-gd02db6906a (webtiles) character file.

Game seed: 4951444600828899938

14 Zeld the Trooper (level 2, -1/27 HPs)
             Began as a Minotaur Fighter on Oct 9, 2022.
             Succumbed to an orc's poison
             ... on level 3 of the Dungeon.
             The game lasted 00:00:45 (670 turns).

Zeld the Trooper (Minotaur Fighter)                  Turns: 670, Time: 00:00:45

Health: -1/27      AC:  7    Str: 20    XL:     2   Next: 27%
Magic:  1/1        EV:  9    Int:  5    God:
Gold:   32         SH:  4    Dex:  9    Spells: 1/1 levels left

rFire   + . .      SeeInvis .   a - +0 war axe
rCold   + . .      Faith    .   c - +0 buckler
rNeg    . . .      Spirit   .   b - +0 scale mail
rPois   +          Reflect  .   (helmet restricted)
rElec   +          Harm     .   (no cloak)
rCorr   +          Rampage  .   (no gloves)
Will    .....                   (no boots)
Stlth   ..........              (no amulet)
HPRegen 0.09/turn               (no ring)
MPRegen 0.07/turn               (no ring)

@: lethally poisoned (-1 -> -13), resistant
A: horns 2, retaliatory headbutt
a: no special abilities


You were on level 3 of the Dungeon.
You visited 1 branch of the dungeon, and saw 3 of its levels.

You collected 32 gold pieces.

Inventory:

Hand Weapons
 a - a +0 war axe (weapon)
Armour
 b - a +0 scale mail (worn)
 c - a +0 buckler (worn)
Scrolls
 e - a scroll of fear {unknown}
 f - a scroll of identify {unknown}
Potions
 d - a potion of might


   Skills:
 + Level 3.8 Fighting
 * Level 3.0 Axes
 + Level 3.8 Armour
 + Level 0.7 Dodging
 - Level 3.6 Shields


You had one spell level left.
You didn't know any spells.
Your spell library was empty.

Dungeon Overview and Level Annotations

Branches:
Dungeon (3/15)

Altars:


Innate Abilities, Weirdness & Mutations

You have a pair of horns on your head.
You reflexively headbutt those who attack you in melee.


Message History

The ball python bites you but does no damage.
The ball python constricts you.
A ball python is nearby!
You closely miss the ball python. You headbutt the ball python.
You kill the ball python!
HP restored.
An orc comes into view. It is wielding a +1 hand axe of venom.
Found 11 gold pieces.
The orc shouts!
The orc moves out of view.
An orc is nearby!
The orc hits you with a +1 hand axe of venom.
An orc is nearby!
An orc is nearby!
You barely miss the orc.
The orc hits you with a +1 hand axe of venom.
You are poisoned.
A quokka comes into view.
You hit the orc.
The orc is moderately wounded.
You feel very sick.
The orc hits you with a +1 hand axe of venom. x2
You are more poisoned.
You are too injured to fight recklessly!
* * * LOW HITPOINT WARNING * * *
You feel very sick.
An orc comes into view. It is wielding a +0 war axe.
The orc closely misses you.
You see here 11 gold pieces.
Sorry, you're not good enough to have a special ability.
It was a potion of resistance.
You feel protected.
* * * LOW HITPOINT WARNING * * *
You feel very sick.
The orc hits you with a +1 hand axe of venom.
* * * LOW HITPOINT WARNING * * *
Unknown command.
The quokka attacks as you move away!
The quokka bites you but does no damage.
You die...

..# #.# #..##
##.######.## #...#
...........# .....
##..######.#####....#
#..........##
#.###.##.#.# #.
#.##.#.##
####.###$o....o.
.......@.r...^##
####.######.#.# #. .#
# #. #


You could see 2 orcs and a quokka.

Vanquished Creatures
  3 endoplasms
  A giant cockroach (D:1)
  A goblin (D:1)
  2 hobgoblins (D:1)
  A quokka (D:2)
  2 ball pythons
  A frilled lizard (D:1)
  A rat (D:2)
12 creatures vanquished.

Notes
Turn   | Place    | Note
-------+----------+-------------------------------------------
     0 | D:1      | Zeld the Minotaur Fighter began the quest for the Orb.
     0 | D:1      | Reached XP level 1. HP: 19/19 MP: 0/0
   272 | D:1      | Reached XP level 2. HP: 16/27 MP: 1/1
   670 | D:3      | Succumbed to an orc's poison

Illustrated notes

Levels and vault maps discovered:
D:1:      lightli_arrival_flooded_house, layout_basic,
          minmay_misc_feat_diagonals
D:2:      layout_loops_ring, amethyst_killhole, chequers_serial_rivers_small_3,
          hangedman_decor_diamond_cutter, minmay_tetromino_s4
D:3:      layout_loops_ring, uniq_terence

Skill      XL: |  1  2 |
---------------+-------+-----
Axes           | 3 |  3.0
Fighting       | |  3.8
Armour         | |  3.8
Dodging        | |  0.7
Shields        | |  3.6

Action                   || total
-------------------------++-------
Melee: War axe           ||    26
       Headbutt          ||     4
  Use: Potion            ||     1
Armor: Scale mail        ||    12
Dodge: Dodged            ||     7
Block: Buckler           ||     5
